[Event "*** Titled Tuesday Blitz"]
[Site "Chess.com"]
[Date "2020.05.12"]
[Round "8"]
[White "Kensei26"]
[Black "atalz0"]
[Result "1/2-1/2"]
[WhiteElo "2246"]
[BlackElo "2436"]
[TimeControl "180+1"]
[EndTime "11:33:32 PDT"]
[Termination "Game drawn - insufficient material"]

1. e4 d5 2. exd5 Nf6 3. Nf3 Nxd5 4. h3 Bf5 5. d4 e6 6. Bd3 Bxd3 7. Qxd3 Be7 8. a3 O-O 9. O-O c5 10. dxc5 Bxc5 11.
Nc3 Nxc3 12. Qxc3 Bb6 13. Be3 Nd7 14. Rad1 Rc8 15. Bxb6 Qxb6 16. Qb4 Qxb4 17. axb4 Nb6 18. c3 Rfd8 19. Rxd8+ Rxd8 20. Ra1 a6 21. Kf1 Nc4 22. Rb1 f6 23. Ke2 e5 24. b3 Na3 25. Rd1 Rxd1 26. Kxd1 Nb5 27. Kd2 Kf7 28. Ne1 Nd6 29. f3 Ke6 30.
Nd3 b6 31. g4 e4 32. fxe4 Nxe4+ 33. Kc2 Kd5 34. c4+ Kd4 35. Nf4 Ke5 36. Nd5 b5 37. Nc7 bxc4 38. bxc4 Kd4 39. b5 axb5 40. cxb5 Kc5 41.
Ne6+ Kxb5 42. Nxg7 Kc4 43. Nf5 Kd5 44. Ne3+ Ke5 45.
Ng2 Nf2 46. Kd2 Nxh3 47. Ke3 Ng5 48. Nf4 Ne6 49. Nd3+ Kd5 50. Kf3 Nd4+ 51. Kf4 Ke6 52. Nc5+ Kf7 53. Ne4 Ne6+ 54. Kg3 Ng7 55. Nf2 Kg6 56.
Nd3 Ne6 57. Kf3 Ng5+ 58. Kg3 h5 59. Nf4+ Kh6 60. Nxh5 f5 61. gxf5 Kxh5 62. f6 Nf7 63.
Kf4 Kg6 64. Ke4 Kxf6 1/2-1/2

[Event "*** Titled Tuesday Blitz"]
[Site "Chess.com"]
[Date "2020.05.12"]
[Round "8"]
[White "VladDobrov"]
[Black "GothamChess"]
[Result "1-0"]
[WhiteElo "2771"]
[BlackElo "2602"]
[TimeControl "180+1"]
[EndTime "11:33:33 PDT"]
[Termination "VladDobrov won on time"]

1. d4 e6 2. c4 b6 3. Nf3 Bb7 4. Nc3 Bb4 5. Qc2 f5 6. a3 Bxc3+ 7. Qxc3 Nf6 8. e3 Ne4 9. Qc2 d6 10. Be2 Nd7 11. O-O Ndf6 12. b4 O-O 13. Nd2 Nxd2 14. Bxd2 Ne4 15. Bc1 Qh4 16. f3 Nf6 17. Rf2 Rae8 18. a4 e5 19. d5 f4 20. exf4 exf4 21. Bb2 Re3 22. Bd4 Rfe8 23. a5 Bc8 24. axb6 axb6 25.
Ra7 R8e7 26. c5 bxc5 27. bxc5 Bf5 28. Qb2 Nxd5 29. cxd6 cxd6 30. Rxe7 Rxe7 31. Qb8+ Kf7 32. Qxd6 Rd7 33. Qe5 Qf6 34. Bc4 Qxe5 35. Bxe5 g5 36. h4 h6 37. Ra2 Be6 38. Ra8 Ne3 39. Bxe6+ Kxe6 40. Re8+ Kf5 41. hxg5 hxg5 42. g4+ Kg6 43. Re6+ Kh7 44. Bf6 Rd1+ 45. Kf2 Rd2+ 46. Ke1 Rg2 47. Bxg5 Nc2+ 48. Kf1 Ne3+ 49. Rxe3 1-0

[Event "*** Titled Tuesday Blitz"]
[Site "Chess.com"]
[Date "2020.05.12"]
[Round "8"]
[White "EugeneRougon"]
[Black "deep306"]
[Result "1-0"]
[WhiteElo "2757"]
[BlackElo "2589"]
[TimeControl "180+1"]
[EndTime "11:33:34 PDT"]
[Termination "EugeneRougon won on time"]

1. e4 e6 2. d4 d5 3. Nd2 Nf6 4. e5 Nfd7 5. Bd3 c5 6. c3 Nc6 7. Ne2 a5 8. O-O a4 9. a3 cxd4 10. cxd4 Nb6 11. Nf3 Bd7 12. Bg5 Qb8 13. Rc1 h6 14.
Be3 Na5 15. Nf4 Nac4 16. Qe2 Qd8 17. Nh5 Bc6 18. Rc2 Qd7 19. Nh4 O-O-O 20. Qg4 Kb8 21. Nf3 Bb5 22. Rd1 Rc8 23. Bf4 Ka7 24. h4 Rc7 25. Rdc1 Rc6 26. Bf1 Qc7 27. Nxg7 Rg8 28. Bxh6 Nc8 29. Qg5 Ne7 30. Ne8 Qd8 31. Ng7 Qc8 32.
g4 Kb6 33. h5 Qd7 34. Qf6 Ba6 35. Qxf7 Bxg7 36. Bxg7 Rcc8 37. h6 Rce8 38. Ng5 Qd8 39. Qxe6+ Ka7 40. Nf7 Qb8 41. Nd6 Nc6 42. Nxe8 Rxe8 43.
Qxe8 Qxe8 44. h7 Qg6 45. h8=Q Qxg4+ 46. Bg2 Nxd4 47. Qh3 Qg6 48. e6 Nxc2 49. e7 1-0

[Event "*** Titled Tuesday Blitz"]
[Site "Chess.com"]
[Date "2020.05.12"]
[Round "8"]
[White "Fandorine"]
[Black "SpasKozhuharov"]
[Result "1/2-1/2"]
[WhiteElo "2854"]
[BlackElo "2699"]
[TimeControl "180+1"]
[EndTime "11:33:35 PDT"]
[Termination "Game drawn by repetition"]

1. c4 e5 2. g3 Nf6 3. Bg2 d5 4. cxd5 Nxd5 5. Nf3 Nc6 6. O-O Nb6 7. b3 Be6 8. Bb2 f6 9. Qc1 Bd6 10. Rd1 Qe7 11. d4 exd4 12. Nxd4 Nxd4 13. Bxd4 c6 14. Nc3 O-O 15. Ne4 Ba3 16. Bc5 Bxc5 17. Qxc5 Rfe8 18. Qxe7 Rxe7 19. Nc5 Bd5 20. e4 Bf7 21. f3 a5 22.
a3 Kf8 23. Rd4 Re5 24. Rc1 g5 25. Nxb7 Rb8 26. Nc5 Ke7 27. Kf2 h6 28. Bh3 Be8 29. Bf5 Kf7 30. f4 gxf4 31. gxf4 Re7 32. b4 axb4 33.
axb4 Ra8 34. Rc2 Ra3 35. Rd8 Na4 36. Be6+ Kg7 37. f5 Nxc5 38. Rxc5 h5 39. h4 Rh3 40. b5 cxb5 41. Rcc8 Bf7 42. Bxf7 Kxf7 43. Rf8+ Kg7 44. Rg8+ Kh7 45. Rh8+ Kg7 46. Rcg8+ Kf7 47. Rf8+ Kg7 48.
Rhg8+ Kh7 49. Rg6 Rxe4 50. Rfxf6 Rhxh4 51. Rf7+ Kh8 52. Rf8+ Kh7 53. Rf7+ Kh8 54. Rf8+ Kh7 55. Rf7+ 1/2-1/2

[Event "*** Titled Tuesday Blitz"]
[Site "Chess.com"]
[Date "2020.05.12"]
[Round "8"]
[White "jacky72"]
[Black "RobertPrieb2007"]
[Result "1/2-1/2"]
[WhiteElo "2653"]
[BlackElo "2368"]
[TimeControl "180+1"]
[EndTime "11:33:35 PDT"]
[Termination "Game drawn by repetition"]

1. d4 Nf6 2. c4 g6 3. Nc3 d5 4. Nf3 Bg7 5. h4 O-O 6. h5 Nxh5 7. cxd5 c6 8. dxc6 Nxc6 9. d5 Ne5 10. Nxe5 Bxe5 11. Bh6 Re8 12. g3 e6 13. Bg2 exd5 14.
Bxd5 Nf6 15. Bf3 Bg4 16. O-O Qc8 17. Kg2 Bh3+ 18. Kg1 Bxf1 19. Qxf1 Qf5 20. Bxb7 Rab8 21. Qg2 Qc2 22. Nd5 Qxb2 23. Nxf6+ Bxf6 24. Bd5 Qxa1+ 25. Kh2 Rxe2 26. Qf3 Qf1 27. Be3 Rbb2 28. Bxf7+ Kxf7 29. Qd5+ Kf8 30. Qc5+ Be7 31. Qc8+ Kg7 32. Qc3+ Kf7 33. Qc4+ Kf6 34. Qc6+ Kg7 35. Qc3+ Kg8 36. Qc4+ Kf8 37. Qc8+ Bd8 38. Qxd8+ Kf7 39. Qd7+ Kg8 40. Qe8+ Kg7 41. Bd4+ Kh6 42. Qf8+ Kh5 43. Qf3+ Kh6 44. Qf4+ g5 45.
Qf8+ Kh5 46. Qf7+ Kg4 47. Qd7+ Kh5 48. Qxh7+ Kg4 49. Qd7+ Kh5 50. Qf7+ Kg4 51. Qd7+ Kh5 52. Qh7+ Kg4 53. Qd7+ 1/2-1/2

[Event "*** Titled Tuesday Blitz"]
[Site "Chess.com"]
[Date "2020.05.12"]
[Round "8"]
[White "LivajaM"]
[Black "StockholmMissile"]
[Result "1-0"]
[WhiteElo "2289"]
[BlackElo "2422"]
[TimeControl "180+1"]
[EndTime "11:33:35 PDT"]
[Termination "LivajaM won on time"]

1. d4 d5 2. c4 c6 3. Nc3 Nf6 4. Nf3 e6 5. Bg5 h6 6. Bh4 g5 7.
Bg3 dxc4 8. e3 b5 9. Ne5 Bb7 10. Be2 Nbd7 11. O-O Be7 12. Bf3 Nxe5 13. Bxe5 a6 14. Rc1 Rg8 15. h3 Nd5 16. Ne4 Nb4 17. Bh5 Nd3 18. Qf3 Nxe5 19. dxe5 Rf8 20. Rcd1 Qc7 21.
Nd6+ Bxd6 22. exd6 Qd7 23. Qf6 c5 24. Qxh6 O-O-O 25.
Qxg5 Rg8 26. Qxc5+ Kb8 27. f3 f5 28. Qc7+ Qxc7 29.
dxc7+ Kxc7 30. Bf7 Rxd1 31. Rxd1 Rg7 32. Bxe6 Bxf3 33.
Rd2 Be4 34. g4 Rg6 35. Bf7 Rg7 36. Bh5 Bf3 37. Rd4 Kb6 38. Kf2 fxg4 39. Bxg4 Bc6 40. Rd6 Kc5 41. Rf6 b4 42. Bf3 Bxf3 43. Kxf3 c3 44. bxc3 bxc3 45. Ke2 Rd7 46. Rf1 Rd2+ 47. Kf3 Kc4 48. e4 c2 49. Rc1 Kd3 50. e5 Rd1 51.
Rxc2 Kxc2 52. Ke4 Kc3 53. e6 Kc4 54. Ke5 Re1+ 55. Kd6 Kd4 56. e7 a5 57. Kd7 a4 58.
h4 a3 59. h5 Kc3 60. e8=Q 1-0

[Event "*** Titled Tuesday Blitz"]
[Site "Chess.com"]
[Date "2020.05.12"]
[Round "8"]
[White "ameetghasi100"]
[Black "FedaMaster"]
[Result "1-0"]
[WhiteElo "2733"]
[BlackElo "2548"]
[TimeControl "180+1"]
[EndTime "11:33:36 PDT"]
[Termination "ameetghasi100 won by resignation"]

1. Nf3 c5 2. g3 Nc6 3. Bg2 e5 4. O-O d5 5. d3 g6 6. Nc3 Nge7 7. a3 h6 8. Rb1 Bg7 9. Bd2 f5 10. Na4 e4 11. Ne1 b6 12. b4 cxb4 13. axb4 O-O 14. b5 Ne5 15. Bb4 Re8 16. c3 g5 17. Nc2 N7g6 18.
Nd4 Bd7 19. Qb3 Bc8 20. dxe4 fxe4 21. Bxe4 Bb7 22. Nc6 Qc7 23. Bxd5+ Kh8 24. Nd4 Rad8 25. Bxb7 Qxb7 26. Rbd1 Qc8 27. f3 Qh3 28. Qc2 g4 29. f4 Nh4 30. Rf2 Nc4 31. Rd3 Ne3 32. Qd2 Nc4 33. Qc1 Bxd4 34. cxd4 Rc8 35. Bc3 Nf5 36. d5+ Kg8 37. d6 Ncxd6 38. Qd1 Ne4 39.
Qb3+ Kf8 40. Qb4+ Kg8 41. Qb3+ Kf8 42. Rd7 Ne7 43. Qe6 Rxc3 44. Nxc3 Nxf2 45. Qf6+ Kg8 46. Rxe7 Rxe7 47. Qxe7 Qh5 48. Qe6+ Kf8 49. Qd6+ Ke8 50.
Qc6+ Kd8 51. Kxf2 Qxh2+ 52. Qg2 Qxg3+ 53. Qxg3 1-0

[Event "*** Titled Tuesday Blitz"]
[Site "Chess.com"]
[Date "2020.05.12"]
[Round "8"]
[White "EddieMarsalla"]
[Black "Gareth-Bale11"]
[Result "1/2-1/2"]
[WhiteElo "2549"]
[BlackElo "2717"]
[TimeControl "180+1"]
[EndTime "11:33:36 PDT"]
[Termination "Game drawn by stalemate"]

1. d4 Nf6 2. Bg5 e6 3. c3 d5 4. Nd2 Be7 5. e3 h6 6. Bh4 Nbd7 7. Bd3 e5 8. Qe2 c6 9. Bc2 O-O 10. dxe5 Nxe5 11. Ngf3 Nxf3+ 12. Nxf3 Ne4 13. Bg3 Bf6 14. Rd1 Qe7 15. Bxe4 dxe4 16. Nd4 a6 17. O-O g6 18.
h3 h5 19. Rd2 Re8 20. Rfd1 h4 21. Bh2 Be5 22. Bxe5 Qxe5 23. f4 exf3 24. Nxf3 Qe7 25. Qf2 Be6 26. Qxh4 Qxh4 27. Nxh4 Bxa2 28. Kf2 a5 29. Rd7 b5 30. Nf3 b4 31. cxb4 Reb8 32. bxa5 Rxb2+ 33. R7d2 Rxd2+ 34. Rxd2 Bd5 35. Ne5 Rxa5 36.
Rc2 Kg7 37. Nxc6 Ra4 38. Nd4 Be4 39. Rb2 g5 40. g4 Kg6 41. Kg3 Ra3 42. Re2 Ra1 43.
Nf3 f6 44. Rb2 Ra3 45. Kf2 Ra1 46. Rb6 Ra2+ 47. Kg3 Re2 48. Rb3 Kh6 49. h4 gxh4+ 50. Nxh4 Re1 51. Kf4 Bc2 52. Rb6 Rf1+ 53. Kg3 Be4 54.
Nf5+ Bxf5 55. Rxf6+ Kg5 56. Rxf5+ Rxf5 57. gxf5 Kxf5 58.
Kf3 Ke5 59. e4 Ke6 60. Kf4 Kf6 61. e5+ Ke6 62. Ke4 Ke7 63. Kd5 Kd7 64. e6+ Ke7 65. Ke5 Ke8 66. Kf5 Ke7 67. Ke5 Ke8 68. Kd6 Kd8 69.
e7+ Ke8 70. Ke6 1/2-1/2

[Event "*** Titled Tuesday Blitz"]
[Site "Chess.com"]
[Date "2020.05.12"]
[Round "8"]
[White "CalinGheorghiu"]
[Black "26andrej26"]
[Result "0-1"]
[WhiteElo "2308"]
[BlackElo "2468"]
[TimeControl "180+1"]
[EndTime "11:33:36 PDT"]
[Termination "26andrej26 won by resignation"]

1. e4 c5 2. Nf3 d6 3. d4 cxd4 4. Nxd4 Nf6 5. Nc3 a6 6. f3 e5 7. Nb3 Be6 8. Be3 h5 9. Qd2 Nbd7 10. Nd5 Bxd5 11. exd5 g6 12. Na5 Qc7 13. Be2 e4 14. f4 Ng4 15. Bd4 Rh7 16. h3 e3 17. Qb4 Nf2 18.
O-O Nc5 19. Bxe3 Nfe4 20. Bf3 f5 21. Rfe1 Re7 22. a4 Bg7 23. Nc4 Kf8 24. c3 Nd3 25. Qb6 Nxe1 26. Rxe1 Qxb6 27. Nxb6 Rae8 28. a5 Nxc3 29.
bxc3 Rxe3 30. Rxe3 Rxe3 31. c4 Rxf3 32. gxf3 Bc3 33.
Nc8 Bb4 34. Kf1 Ke8 35. Ke2 Kd7 36. Nb6+ Kc7 37. Kd3 Bxa5 38. Na4 Be1 39. c5 dxc5 40.
Nxc5 Bg3 41. Kc4 a5 42. Kb5 Be1 43. Ne6+ Kd6 44. Kc4 b5+ 45. Kxb5 Kxd5 46. Nf8 Kd4 47. Nxg6 Ke3 48. Ne7 Kxf4 49. Nd5+ Kxf3 50. Nf6 h4 51. Nh5 f4 0-1

[Event "*** Titled Tuesday Blitz"]
[Site "Chess.com"]
[Date "2020.05.12"]
[Round "8"]
[White "Mykola-Bortnyk"]
[Black "Quaternitychess"]
[Result "1-0"]
[WhiteElo "2888"]
[BlackElo "2676"]
[TimeControl "180+1"]
[EndTime "11:33:37 PDT"]
[Termination "Mykola-Bortnyk won on time"]

1. e4 d6 2. d4 Nf6 3. Nc3 Nbd7 4. Nf3 e5 5. Bc4 Be7 6. O-O O-O 7. Re1 a5 8. a4 c6 9. h3 Nb6 10. Bb3 Nfd7 11. Be3 exd4 12. Nxd4 Nc5 13. Qf3 Nxb3 14. cxb3 Nd7 15. Rad1 Ne5 16. Qe2 Re8 17. f4 Ng6 18. Qf2 Bh4 19. g3 Be7 20. Nf5 Bf8 21. Bb6 Qd7 22. g4 d5 23. exd5 Rxe1+ 24. Rxe1 cxd5 25. Qd4 Qc6 26. Ne3 Nxf4 27. Qxf4 Qxb6 28. Nxd5 Qd8 29. Rd1 Bc5 30. Nc3 Qb6 31. Kh1 Be6 32. Nf5 Re8 33. Rf1 Qc6+ 34. Kh2 Bxf5 35. Qxf5 Bd6+ 36.
Kg1 Bc5+ 37. Kh2 Qc7+ 38. Kg2 g6 39. Qf3 Rd8 40. Nd5 Qc6 41. Qxf7+ Kh8 42. Qf6+ Qxf6 43.
Nxf6 Rd2+ 44. Kg3 Rxb2 45. Rf3 Kg7 46. g5 Bd6+ 47. Kh4 Bb4 48. Rd3 Be1+ 49. Kg4 Kf7 50.
Rd7+ Ke6 51. Rxb7 Rg2+ 52. Kf3 Rxg5 53. Rb6+ 1-0

[Event "*** Titled Tuesday Blitz"]
[Site "Chess.com"]
[Date "2020.05.12"]
[Round "8"]
[White "MichailovM"]
[Black "floplover"]
[Result "0-1"]
[WhiteElo "2388"]
[BlackElo "2260"]
[TimeControl "180+1"]
[EndTime "11:33:37 PDT"]
[Termination "floplover won by resignation"]

1. e4 c6 2. d4 d5 3. e5 Bf5 4.
h4 h5 5. c4 e6 6. Nc3 Be7 7.
Qb3 Qb6 8. c5 Qc7 9. Nge2 Nd7 10. Ng3 Bg6 11. Bg5 b6 12. cxb6 Qxb6 13. Qxb6 axb6 14. a4 f6 15. exf6 gxf6 16. Be3 e5 17. Be2 Nh6 18. O-O Ng4 19. Rfc1 Bd6 20. Bxg4 hxg4 21.
h5 Bxh5 22. Nf5 Bf8 23. Ne2 Bg6 24. Neg3 c5 25. dxe5 fxe5 26. Rd1 d4 27. Bg5 Ra5 28.
Re1 Kf7 29. Nh4 Bc2 30. Rac1 Bxa4 31. b4 Rb5 32. bxc5 bxc5 33. Ne4 Bb3 34. Nf5 c4 35. Nfd6+ Bxd6 36. Nxd6+ Kg6 37. Nxb5 Kxg5 38. Ra1 c3 39. Ra7 Rd8 40. f3 gxf3 41. gxf3 Kf4 42. Kf2 Bc4 43. Nd6 Bd5 44. Ne4 Bxe4 45. Rxe4+ Kf5 46. Ke2 Nc5 47. Rb7 Nxe4 48. fxe4+ Kxe4 49. Rc7 d3+ 50. Kd1 c2+ 51. Kc1 Ke3 0-1

[Event "*** Titled Tuesday Blitz"]
[Site "Chess.com"]
[Date "2020.05.12"]
[Round "8"]
[White "TudorAnton"]
[Black "GMKrikor"]
[Result "1/2-1/2"]
[WhiteElo "2489"]
[BlackElo "2794"]
[TimeControl "180+1"]
[EndTime "11:33:38 PDT"]
[Termination "Game drawn by repetition"]

1. d4 Nf6 2. c4 g6 3. Nf3 Bg7 4. g3 d5 5. cxd5 Nxd5 6. Bg2 Nb6 7. O-O Nc6 8. Nc3 Nxd4 9. Nxd4 Qxd4 10. Qc2 c6 11.
Rd1 Qc4 12. Bg5 h6 13. Be3 O-O 14. Rac1 Be6 15. b3 Qxc3 16. Qxc3 Bxc3 17. Rxc3 Kg7 18. Bc5 Rfe8 19. a4 Nd5 20. Bxd5 Bxd5 21. f3 f6 22. e4 Be6 23. a5 Kf7 24. Kf2 g5 25. Ke3 h5 26. b4 Red8 27. Rxd8 Rxd8 28. Bxa7 Rd1 29. a6 bxa6 30. Rxc6 Rh1 31. Rxa6 Rxh2 32. Bc5 Bd7 33. Ra7 Ke8 34. Ra8+ Kf7 35. Ra7 Ke8 36. b5 Rb2 37. b6 h4 38. gxh4 gxh4 39. Ra8+ Kf7 40. Ra7 h3 41.
Bd6 exd6 42. Rxd7+ Ke6 43. Rh7 h2 44. Kf4 Rxb6 45. Rxh2 Rb1 46. Rh8 Ra1 47. Re8+ Kd7 48. Rb8 Ke7 49. Rb5 Ke6 50. Kg4 Rg1+ 51. Kf4 Rf1 52.
Rb7 Rg1 53. Ra7 Rc1 54. Ra5 Rb1 55. Ke3 Rb3+ 56. Kf4 Rb1 57. Kg4 Rg1+ 58. Kf4 Rb1 1/2-1/2

[Event "*** Titled Tuesday Blitz"]
[Site "Chess.com"]
[Date "2020.05.12"]
[Round "8"]
[White "przemekpiotrowski"]
[Black "TST2014"]
[Result "0-1"]
[WhiteElo "2436"]
[BlackElo "2589"]
[TimeControl "180+1"]
[EndTime "11:33:38 PDT"]
[Termination "TST2014 won by resignation"]

1. d4 Nf6 2. Nf3 g6 3. g3 Bg7 4.
Bg2 O-O 5. O-O d6 6. c4 Nbd7 7. Nc3 e5 8. b3 Re8 9. Bb2 c6 10. e4 a6 11. d5 cxd5 12. cxd5 b5 13. Nd2 Nc5 14. b4 Nd3 15. Qb1 Nxb2 16. Qxb2 Nd7 17. Nb3 Nb6 18. Na5 Nc4 19. Nxc4 bxc4 20. a4 f5 21. Qe2 Qc7 22. Rfc1 Bd7 23. Bf1 Rec8 24. Rab1 Bh6 25. Rc2 fxe4 26. Nxe4 Bxa4 27. Rxc4 Qxc4 28. Qxc4 Rxc4 29. Bxc4 Bc2 30. Re1 Bxe4 31. Rxe4 Bd2 32. Be2 Rb8 33. Bxa6 Bxb4 34. Rc4 Bc5 35. Rc2 Rb1+ 36.
Kg2 Rd1 37. Bc8 Kg7 38. Be6 h5 39. h4 e4 40. Re2 Rd4 41. Ra2 Kf6 42. Re2 g5 43.
hxg5+ Kxg5 44. f3 exf3+ 45. Kxf3 Rd3+ 46. Kg2 Bd4 47. Kh3 Be5 48. Rg2 h4 49. Rg1 hxg3 50.
Rf1 Rd2 51. Rf5+ Kg6 52. Kg4 g2 53. Rg5+ Kf6 54. Kh5 Bd4 55. Rg6+ Ke7 56. Bg4 g1=Q 57. Re6+ Kf7 0-1

[Event "*** Titled Tuesday Blitz"]
[Site "Chess.com"]
[Date "2020.05.12"]
[Round "8"]
[White "Loiacono_Antonio"]
[Black "LLRChess"]
[Result "0-1"]
[WhiteElo "2409"]
[BlackElo "2565"]
[TimeControl "180+1"]
[EndTime "11:33:38 PDT"]
[Termination "LLRChess won by resignation"]

1. e4 d6 2. d4 Nf6 3. Nc3 g6 4. f4 Bg7 5. Nf3 Nc6 6. Bd3 e5 7. d5 Nb4 8. fxe5 dxe5 9. Bc4 O-O 10. a3 Na6 11. Bxa6 bxa6 12. O-O Nh5 13. Bg5 f6 14. Be3 Bg4 15. Qd3 f5 16. Qc4 Kh8 17. Rae1 f4 18. Bc5 Re8 19. Qxa6 g5 20. Nd2 Bc8 21. Qd3 g4 22. g3 Qg5 23. Nc4 Ba6 24.
b4 fxg3 25. hxg3 Bxc4 26. Qxc4 Nxg3 27. Rf2 Nh5 28. Be3 Qh4 29. Qe2 Ng3 30. Rh2 Nxe2+ 31. Rexe2 Qg3+ 32. Rhg2 Qh4 33. Rh2 Qf6 34. Nb5 g3 35.
Rhg2 Rf8 36. Re1 c6 37. Nc7 Rac8 38. Ne6 Rfe8 39. Rf1 Qg6 40. c4 Rxe6 41. dxe6 Qxe6 42. Rxg3 Qxc4 43. Rf2 Qxe4 44. Rfg2 Bf6 45. Bh6 Qb1+ 46. Kh2 Qf5 47. Kg1 Qh5 48. Rh2 Qd1+ 49. Kg2 Rd8 50. Rf3 Rd2+ 51. Kg3 Qg1+ 52. Rg2 Rxg2+ 0-1

[Event "*** Titled Tuesday Blitz"]
[Site "Chess.com"]
[Date "2020.05.12"]
[Round "8"]
[White "ViktoriyaTarasova"]
[Black "Olga_Girya"]
[Result "1-0"]
[WhiteElo "2248"]
[BlackElo "2426"]
[TimeControl "180+1"]
[EndTime "11:33:38 PDT"]
[Termination "ViktoriyaTarasova won on time"]

1. d4 Nf6 2. c4 e6 3. Nc3 d5 4. cxd5 exd5 5. Bg5 Bb4 6. Qc2 O-O 7. e3 h6 8. Bh4 c5 9. Nf3 c4 10. Be2 Nc6 11. O-O Re8 12. Nd2 Nxd4 13. exd4 Bxc3 14. Qxc3 Rxe2 15. Rfe1 Re6 16. Rxe6 Bxe6 17.
Re1 b5 18. Nf3 a5 19. Ne5 b4 20. Qd2 Rc8 21. Re3 Bf5 22. Rf3 c3 23. bxc3 bxc3 24. Qc1 Bg6 25. Bxf6 gxf6 26. Ng4 f5 27. Nxh6+ Kf8 28.
Nxf5 Bxf5 29. Rxf5 Qb6 30. Rf3 c2 31. Rb3 Qxd4 32.
Qh6+ Qg7 33. Qc1 Qe5 34. h4 Qe1+ 35. Qxe1 c1=Q 36. Qxc1 Rxc1+ 37. Kh2 Rc2 38. Ra3 Rxf2 39. Rxa5 d4 40. Rd5 Rxa2 41. Rxd4 Kg7 42. Kh3 Rb2 43. g3 Kg6 44. Rf4 f5 45. Ra4 Rc2 46. Ra6+ Kg7 47. h5 Rc4 48. Rg6+ Kf7 49. Ra6 Kg7 50. Rb6 Ra4 51. Kg2 Ra3 52. Rg6+ Kf7 53. Kf2 Ra2+ 54. Kf3 Rh2 55. Rh6 Rh1 56. Kf4 Rf1+ 57. Kg5 Rg1 58. Rh7+ Kg8 59. Ra7 Rxg3+ 60. Kxf5 Rf3+ 61. Kg5 Rf8 62. h6 Kh8 63. Kg6 Rg8+ 64. Rg7 Rxg7+ 65. hxg7+ Kg8 66. Kf6 1-0

[Event "*** Titled Tuesday Blitz"]
[Site "Chess.com"]
[Date "2020.05.12"]
[Round "8"]
[White "YaWaleriy"]
[Black "Nagimov_Artiom"]
[Result "1-0"]
[WhiteElo "2251"]
[BlackElo "2390"]
[TimeControl "180+1"]
[EndTime "11:33:38 PDT"]
[Termination "YaWaleriy won by resignation"]

1. d4 d5 2. Nf3 Nf6 3. c4 c6 4. e3 e6 5. Bd3 c5 6. O-O cxd4 7. exd4 Nbd7 8. Nc3 Be7 9. cxd5 exd5 10. Ne5 O-O 11. Bf4 a6 12. Re1 Re8 13. Rc1 Nf8 14. Qf3 Be6 15. Na4 Rc8 16. a3 b5 17.
Nc5 Bxc5 18. dxc5 d4 19. Bg5 Bd5 20. Qh3 h6 21. Bf4 Ne6 22. Bxh6 g6 23. b4 Nh5 24.
Qg4 Qf6 25. Nd7 Qe7 26. Nb6 Nf6 27. Qh4 Rc7 28. Bg5 Nxg5 29. Rxe7 Rcxe7 30. f3 Bxf3 31. Qxg5 Kg7 32. gxf3 Re3 33. Rd1 Rxf3 34. Kg2 Ree3 35. Bf1 Rxa3 36. Rxd4 Rf5 37. Qd2 g5 38. Nd5 Nh5 39.
Rg4 Raf3 40. Bd3 Nf4+ 41. Nxf4 R5xf4 42. Rxf4 Rxf4 43. Be2 Re4 44. c6 Re7 45. Qd4+ f6 46. Qd6 Rxe2+ 47. Kf3 Rd2 48. Qxd2 f5 49. Qd6 g4+ 50.
Kf4 g3 1-0

[Event "*** Titled Tuesday Blitz"]
[Site "Chess.com"]
[Date "2020.05.12"]
[Round "8"]
[White "Generalas"]
[Black "DonPreuss"]
[Result "1/2-1/2"]
[WhiteElo "2377"]
[BlackElo "2193"]
[TimeControl "180+1"]
[EndTime "11:33:38 PDT"]
[Termination "Game drawn by agreement"]

1. e4 e5 2. Nf3 d5 3. exd5 e4 4. Qe2 Nf6 5. Nc3 Be7 6. Nxe4 O-O 7. d3 Nxd5 8. Be3 f5 9. Nc3 Bb4 10. a3 Bxc3+ 11. bxc3 Nxc3 12. Qd2 Nd5 13. c4 Nxe3 14. fxe3 Nc6 15. Be2 f4 16. exf4 Nd4 17. O-O Bg4 18.
Nxd4 Qxd4+ 19. Kh1 Bf5 20. Rab1 Rab8 21. Rb5 c6 22. Re5 Rbd8 23. Qe3 Qxe3 24. Rxe3 Rfe8 25. Rxe8+ Rxe8 26. Rf2 Re3 27. g4 Bxd3 28. Bxd3 Rxd3 29. Rb2 b6 30. c5 b5 31. a4 a6 32. axb5 axb5 33.
Kg2 Rc3 34. Rd2 Rxc5 35. Rd7 b4 36. Rb7 Rc4 37. Kf3 c5 38. f5 Rc3+ 39. Ke4 Rc4+ 40. Ke5 Rxg4 41. Rb5 h6 42. Rxc5 Rh4 43. Rb5 Rxh2 44.
Rb8+ Kh7 45. Rxb4 Re2+ 46. Kf4 Re1 47. Rb7 Re2 48. Kg4 Re1 49. f6 Rg1+ 50. Kh5 Rg5+ 51. Kh4 Rg6 52. fxg7 Rxg7 53. Rxg7+ Kxg7 54. Kh5 Kh7 55. Kh4 1/2-1/2

[Event "*** Titled Tuesday Blitz"]
[Site "Chess.com"]
[Date "2020.05.12"]
[Round "8"]
[White "j2806"]
[Black "AniJak"]
[Result "0-1"]
[WhiteElo "1974"]
[BlackElo "2204"]
[TimeControl "180+1"]
[EndTime "11:33:39 PDT"]
[Termination "AniJak won by checkmate"]

1. e4 c6 2. d4 d5 3. exd5 cxd5 4. Bd3 Nc6 5. c3 Nf6 6. Ne2 Bg4 7. O-O e6 8. Qe1 Bxe2 9. Qxe2 Be7 10. Nd2 O-O 11. f4 Re8 12. Nf3 a6 13. Ne5 g6 14.
a4 Nd7 15. Bd2 Bf6 16. Kh1 Rc8 17. Rac1 Bg7 18. Qf3 Na5 19. Rce1 Nb6 20. Qd1 Nac4 21. Bc1 Nd6 22. Rf3 Nbc4 23. Rh3 b5 24. axb5 axb5 25.
Nxc4 bxc4 26. Bc2 Rb8 27. Rf3 Ra8 28. Qe2 Qc7 29. g4 Qb7 30. f5 exf5 31. Qf1 Rxe1 32.
Qxe1 Re8 33. Qg3 fxg4 34. Rf1 Ne4 35. Qxg4 f5 36. Qf3 Qc7 37. Bf4 Qb7 38. Bc1 Qe7 39. Kg2 Qh4 40. Bf4 Bh6 41. Bxh6 Qxh6 42. Bxe4 dxe4 43.
Qe2 Rc8 44. Rb1 Qg5+ 45. Kh1 e3 46. Re1 f4 47. Qf3 Qf5 48. d5 g5 49. d6 Rd8 50.
Rd1 g4 51. Qc6 Qe6 52. Qg2 e2 53. Re1 f3 54. Qf2 Rxd6 55. h3 Rd1 56. hxg4 Qxg4 57. Rg1 Rxg1+ 58. Qxg1 Qxg1+ 59. Kxg1 e1=Q+ 60. Kh2 Qf2+ 61. Kh3 Qg2+ 62. Kh4 f2 63. Kh5 f1=Q 64. Kh6 Qfh1# 0-1

[Event "*** Titled Tuesday Blitz"]
[Site "Chess.com"]
[Date "2020.05.12"]
[Round "8"]
[White "FelixBlohberger"]
[Black "Alexander_Zubov"]
[Result "0-1"]
[WhiteElo "2633"]
[BlackElo "2839"]
[TimeControl "180+1"]
[EndTime "11:33:41 PDT"]
[Termination "Alexander_Zubov won on time"]

1. e4 c5 2. Nf3 d6 3. d4 cxd4 4. Nxd4 Nf6 5. Nc3 a6 6. Be3 e5 7.
Nf3 Be7 8. Bc4 O-O 9. O-O Nc6 10. Re1 Na5 11. Bb3 Nxb3 12. axb3 Be6 13. Bg5 Nd7 14. Bxe7 Qxe7 15. Qd2 Nf6 16. Re3 Rfd8 17. h3 b5 18. b4 d5 19. exd5 Nxd5 20. Nxd5 Rxd5 21. Qe1 f6 22. c3 Qd6 23. Nd4 Bf7 24. Nb3 Qb6 25.
Nc5 a5 26. Rd3 Rxd3 27. Nxd3 a4 28. Nc5 Rd8 29. Rd1 h5 30. Rxd8+ Qxd8 31. Qe2 Be8 32. Qd3 Qxd3 33. Nxd3 Kf7 34. Nc5 Ke7 35. Kf1 Kd6 36. Ke2 Kd5 37. Kd2 g5 38. Nd3 h4 39. f3 Bf7 40.
Nf2 f5 41. Nd1 Kd6 42. Ne3 Be6 43. Kd3 Ke7 44. Kd2 Kf6 45. Kd3 Kg6 46. Kd2 e4 47. fxe4 fxe4 48. Nc2 Bc4 49. Ke3 Bf1 50. Kf2 Bd3 51.
Ne1 g4 52. hxg4 Bc4 0-1

[Event "*** Titled Tuesday Blitz"]
[Site "Chess.com"]
[Date "2020.05.12"]
[Round "8"]
[White "L_lorenzo"]
[Black "ajian"]
[Result "0-1"]
[WhiteElo "2215"]
[BlackElo "2365"]
[TimeControl "180+1"]
[EndTime "11:33:42 PDT"]
[Termination "ajian won on time"]

1. d4 Nf6 2. c4 e6 3. Nf3 d5 4.
Nc3 Be7 5. Bg5 O-O 6. e3 h6 7. Bf4 b6 8. cxd5 Nxd5 9. Nxd5 Qxd5 10. a3 Ba6 11. Bxa6 Nxa6 12. O-O c5 13. dxc5 Qxd1 14. Rfxd1 Nxc5 15. b4 Ne4 16. Rd7 Bf6 17.
Be5 Rfd8 18. Rad1 Rxd7 19. Rxd7 Rd8 20. Rxd8+ Bxd8 21. Nd4 Bf6 22. Bxf6 gxf6 23. Nc6 a6 24. Nb8 a5 25. Nd7 axb4 26. axb4 b5 27. f3 Nc3 28. Nxf6+ Kf8 29. Nd7+ Ke7 30. Ne5 Nd5 31. Nd3 Nxe3 32. Kf2 Nd5 33. f4 f6 34. g4 Kd6 35. Kf3 e5 36.
fxe5+ fxe5 37. Ke4 Nc3+ 38. Kf5 e4 39. Ne1 e3 40. h4 Nd5 41. g5 hxg5 42. hxg5 Ke7 43. Kg6 Nxb4 44. Kh7 Nd5 45. g6 b4 46. g7 Nf6+ 47.
Kg6 b3 48. Kf5 b2 49. Nd3 b1=Q 0-1

[Event "*** Titled Tuesday Blitz"]
[Site "Chess.com"]
[Date "2020.05.12"]
[Round "8"]
[White "today_good_day"]
[Black "gusmaster2262"]
[Result "1-0"]
[WhiteElo "2094"]
[BlackElo "2251"]
[TimeControl "180+1"]
[EndTime "11:33:43 PDT"]
[Termination "today_good_day won on time"]

1. e4 c5 2. Nf3 Nc6 3. d4 cxd4 4. Nxd4 g6 5. Nc3 Bg7 6. Be3 Nf6 7. Bc4 O-O 8. Bb3 Re8 9. O-O d5 10. Nxc6 bxc6 11.
exd5 cxd5 12. Nxd5 Nxd5 13. Bxd5 Rb8 14. Bc6 Rf8 15.
Bxa7 Rxb2 16. Qxd8 Rxd8 17. Be4 Ba6 18. Rfd1 Rxd1+ 19. Rxd1 Rxa2 20. Bc5 Bf6 21. h3 Kg7 22. Rd7 Ra1+ 23.
Kh2 Re1 24. Bf3 e6 25. Ra7 Bc4 26. Ra8 Be5+ 27. g3 Rc1 28. Be4 f5 29. Bg2 Rxc2 30. Bf8+ Kf7 31. Bh6 Bd5 32. Ra7+ Rc7 33. Rxc7+ Bxc7 34. Bf1 e5 35. Bg5 e4 36. Be2 Kg7 37. Kg1 h6 38. Be3 g5 39. Bd4+ Kg6 40. Kf1 f4 41. gxf4 gxf4 42. Ke1 f3 43. Bb5 Ba5+ 44. Kd1 Bb3+ 45.
Kc1 Bd5 46. Be3 h5 47. Be8+ Kf5 48. Bxh5 Bd8 49. Bg4+ Kf6 50. Kd2 Kg6 51. Kc3 1-0